 Dungeon Crawl Stone Soup version 0.30-a0-219-gf2db51d15e (webtiles) character file.

Game seed: 11095083011675107175

1551 Iusername the Carver (level 8, -19/70 HPs)
             Began as a Minotaur Fighter on Oct 7, 2022.
             Demolished by a two-headed ogre
             ... wielding a +0 giant spiked club
              (26 damage)
             ... on level 6 of the Dungeon.
             The game lasted 00:06:26 (6893 turns).

Iusername the Carver (Minotaur Fighter)             Turns: 6893, Time: 00:06:26

Health: -19/70     AC: 15    Str: 22    XL:     8   Next: 57%
Magic:  0/7        EV:  7    Int:  5    God:
Gold:   292        SH:  0    Dex: 11    Spells: 7/7 levels left

rFire   . . .      SeeInvis .    a - +0 long sword
rCold   . . .      Faith    .    (no shield)
rNeg    . . .      Spirit   +    i - +0 plate armour
rPois   .          Reflect  .    (helmet restricted)
rElec   .          Harm     .    (no cloak)
rCorr   .          Rampage  .    m - +0 pair of gloves
Will    .....                    (no boots)
Stlth   ..........               w - amulet of guardian spirit
HPRegen 0.31/turn                (no ring)
MPRegen 0.10/turn                (no ring)

@: no status effects
A: horns 2, retaliatory headbutt
a: no special abilities


You were on level 6 of the Dungeon.
You visited 1 branch of the dungeon, and saw 6 of its levels.

You collected 500 gold pieces.
You spent 208 gold pieces at shops.

Inventory:

Hand Weapons
 a - a +0 long sword (weapon)
Armour
 i - a +0 plate armour (worn)
 m - a +0 pair of gloves (worn)
Jewellery
 b - a ring of protection from fire
 j - a ring of protection from cold
 w - an amulet of guardian spirit (around neck)
 x - an amulet of the acrobat
 y - a ring of wizardry
Wands
 q - a wand of flame (9)
Scrolls
 d - a scroll of enchant weapon {unknown}
 f - 5 scrolls of teleportation
 g - 2 scrolls of brand weapon {unknown}
 k - a scroll of poison {unknown}
 n - 2 scrolls of noise {unknown}
 o - 3 scrolls of butterflies {unknown}
 u - a scroll of silence {unknown}
 z - a scroll of summoning {unknown}
Potions
 c - 6 potions of flight
 e - a potion of attraction {unknown}
 h - a potion of degeneration {unknown}
 l - 3 potions of curing
 p - a potion of lignification
 r - a potion of heal wounds {unknown}
 s - a potion of invisibility
 t - a potion of brilliance
 v - a potion of ambrosia {unknown}


   Skills:
 + Level 6.2 Fighting
 + Level 9.4 Long Blades
 + Level 8.1 Armour
 + Level 0.5 Dodging
 + Level 0.6 Stealth
 + Level 4.0 Shields


You had 7 spell levels left.
You didn't know any spells.
Your spell library contained the following spells:

 Spells                   Type           Power      Damage    Failure   Level
 Magic Dart               Conj           0%         1d3       100%        1
 Shock                    Conj/Air       0%         1d3       100%        1
 Sting                    Tmut/Pois      0%         1d3       100%        1
 Call Imp                 Summ           0%         N/A       100%        2
 Cigotuvi's Dreadful Rot  Necr/Pois/Air  0%         N/A       100%        2
 Poisonous Vapours        Pois/Air       0%         N/A       100%        2
 Mephitic Cloud           Conj/Pois/Air  0%         N/A       100%        3
 Stone Arrow              Conj/Erth      0%         3d7       100%        3
 Swiftness                Air            0%         N/A       100%        3
 Tukima's Dance           Hex            0%         N/A       100%        3
 Airstrike                Air            0%         2d(0-16)  100%        4
 Animate Armour           Summ/Erth      0%         N/A       100%        4
 Animate Dead             Necr           0%         N/A       100%        4
 Olgreb's Toxic Radiance  Pois           0%         N/A       100%        4
 Passage of Golubria      Tloc           0%         N/A       100%        4
 Borgnjor's Vile Clutch   Necr/Erth      0%         N/A       100%        5
 Yara's Violent Unravell  Hex/Tmut       0%         3d3       100%        5
 Conjure Ball Lightning   Conj/Air       0%         3x3d6     100%        6
 Death Channel            Necr           0%         N/A       100%        6
 Discord                  Hex            0%         N/A       100%        8
 Disjunction              Tloc           0%         N/A       100%        8
 Lehudib's Crystal Spear  Conj/Erth      0%         10d2      100%        8


Dungeon Overview and Level Annotations

Branches:
Dungeon (6/15)
 Temple: D:4-7

Altars:
Ashenzari
Dithmenos
Elyvilon
Fedhas
Makhleb
Sif Muna
Zin

Shops:
D:6 *


Innate Abilities, Weirdness & Mutations

You have a pair of horns on your head.
You reflexively headbutt those who attack you in melee.


Message History

A two-headed ogre comes into view.
It is wielding a +0 giant spiked club and a +0 dire flail.
The two-headed ogre shouts in stereo!
A two-headed ogre is nearby!
Found 12 gold pieces.
A two-headed ogre is nearby!
The two-headed ogre completely misses you.
The two-headed ogre hits you but does no damage.
You hit the two-headed ogre but do no damage.
The two-headed ogre hits you with a +0 giant spiked club!
The two-headed ogre hits you but does no damage.
You slash the two-headed ogre!
Your headbutt misses the two-headed ogre.
The two-headed ogre is lightly wounded.
You hit the two-headed ogre. You headbutt the two-headed ogre.
The two-headed ogre is moderately wounded.
The two-headed ogre barely misses you.
The two-headed ogre hits you with a +0 dire flail!
You barely miss the two-headed ogre.
The two-headed ogre is moderately wounded.
You hit the two-headed ogre.
The two-headed ogre is moderately wounded.
The two-headed ogre hits you with a +0 giant spiked club.
The two-headed ogre hits you with a +0 dire flail.
You slash the two-headed ogre!
The two-headed ogre is heavily wounded.
The two-headed ogre hits you with a +0 giant spiked club!
The two-headed ogre hits you with a +0 dire flail.
You slash the two-headed ogre!
The two-headed ogre is severely wounded.
You barely miss the two-headed ogre. You headbutt the two-headed ogre!
The two-headed ogre is almost dead.
The two-headed ogre hits you with a +0 giant spiked club!!
* * * LOW HITPOINT WARNING * * *
The two-headed ogre hits you but does no damage.
You hit the two-headed ogre but do no damage.
The two-headed ogre is almost dead.
You hit the two-headed ogre.
The two-headed ogre is almost dead.
The two-headed ogre hits you with a +0 giant spiked club!!
You die...

####### #.##.....#
#.##.....##+##
#.##.........#
#.#..........#
#.#..........#
####.#.#+#..#..##
##...O#.#....#..######
#)...@#.#.......#.....
#.8#8.#.#......##.....
# #$#...##..#.........
.8#8.#.##.>..........
#.....#.##........#.##
#####.#.##.##.........
##+#.##....###.#.##
#..............#...
#..............#...


You could see a two-headed ogre.

Vanquished Creatures
  A water moccasin (D:5)
  An ice beast (D:6)
  4 black bears
  A sky beast (D:6)
  An ogre (D:5)
  A phantom (D:6)
  A kobold brigand (D:6)
  A bullfrog (D:6)
  2 scorpions
  4 hounds
  An orc priest (D:3)
  2 jellies (D:5)
  An orc wizard (D:3)
  4 gnolls (D:6)
  12 adders
  A shadow imp (D:5)
  2 ufetubi
  2 worms
  A dart slug (D:2)
  9 orcs
  5 bats
  10 endoplasms
  2 giant cockroaches
  9 goblins
  7 hobgoblins
  5 jackals
  6 quokkas
  5 ball pythons
  3 frilled lizards
  18 kobolds
  7 rats
129 creatures vanquished.

Notes
Turn   | Place    | Note
-------+----------+-------------------------------------------
     0 | D:1      | Iusername the Minotaur Fighter began the quest for the Orb.
     0 | D:1      | Reached XP level 1. HP: 19/19 MP: 0/0
   202 | D:1      | Reached XP level 2. HP: 27/27 MP: 1/1
   660 | D:1      | Reached XP level 3. HP: 33/33 MP: 2/2
  1278 | D:2      | Reached skill level 3 in Long Blades
  1704 | D:2      | Reached XP level 4. HP: 14/40 MP: 3/3
  2128 | D:2      | Reached skill level 4 in Long Blades
  2658 | D:3      | Found a broken altar of Ashenzari.
  3221 | D:3      | Reached skill level 5 in Armour
  3221 | D:3      | Reached XP level 5. HP: 16/46 MP: 4/4
  3483 | D:4      | Identified the +0 scale mail of Understanding {+Inv Str+3
                  | Dex+3 Stlth-}
  3486 | D:4      | Found a white marble altar of Elyvilon.
  3774 | D:4      | Noticed a black bear
  3786 | D:4      | Killed a black bear
  3787 | D:4      | Reached skill level 5 in Long Blades
  3787 | D:4      | Reached XP level 6. HP: 10/53 MP: 5/5
  4077 | D:4      | Found a shadowy altar of Dithmenos.
  4156 | D:4      | Found a blossoming altar of Fedhas.
  4206 | D:5      | Entered Level 5 of the Dungeon
  4218 | D:5      | Reached skill level 6 in Long Blades
  4602 | D:5      | Reached XP level 7. HP: 32/60 MP: 4/6
  4746 | D:5      | Reached skill level 5 in Fighting
  4746 | D:5      | Reached skill level 7 in Long Blades
  4971 | D:5      | Reached skill level 8 in Long Blades
  5179 | D:5      | Found a faded altar of an unknown god.
  5179 | D:5      | Found a shimmering blue altar of Sif Muna.
  5187 | D:5      | Found a faded altar of an unknown god.
  5189 | D:5      | Found a burning altar of Makhleb.
  5191 | D:5      | Found a glowing silver altar of Zin.
  5505 | D:5      | Reached XP level 8. HP: 64/69 MP: 7/7
  6388 | D:6      | Found Fauvyomu's Assorted Antiques.
  6396 | D:6      | Bought a glowing executioner's axe for 208 gold pieces
  6685 | D:6      | Reached skill level 9 in Long Blades
  6881 | D:6      | Noticed a two-headed ogre
  6893 | D:6      | Demolished by a two-headed ogre

Illustrated notes

Levels and vault maps discovered:
D:1:      shiori_arrival_elements, layout_basic
D:2:      layout_basic, minivault_27, minmay_hexomino_c4
D:3:      layout_basic, nicolae_ashenzari_panopticon, st_stairs_11, minivault_19
D:4:      layout_cave_pools, nicolae_dithmenos_shadow_blocks,
          lemuel_round_altar, amcnicky_altar_gilded
D:5:      layout_layer_cave, chequers_temple_overflow_minitemple
D:6:      layout_basic, serial_shops, shop, minmay_statues_item

Skill      XL: |  1  2  3  4  5  6  7  8 |
---------------+-------------------------+-----
Shields        | 4 |  4.0
Fighting       | 4 5 6 |  6.2
Armour         | 4 5 6 7 8 |  8.1
Long Blades    | 3 4 5 6 8 9 |  9.4
Dodging        | |  0.5
Stealth        | |  0.6

Action                   |  1- 3 |  4- 6 |  7- 9 || total
-------------------------+-------+-------+-------++-------
Melee: Long sword        |   114 |   173 |   141 ||   428
       Headbutt          |    20 |    29 |    19 ||    68
       Punch             |     1 |     3 |     2 ||     6
  Use: Potion            |       |     2 |     2 ||     4
       Scroll            |       |     5 |     2 ||     7
Armor: Scale mail        |    51 |       |       ||    51
       Plate armour      |    31 |   158 |   106 ||   295
Dodge: Dodged            |    49 |    67 |    50 ||   166

Table legend: (Time is in decaauts)
 A = Elapsed time spent in this place.
 B = Non-inter-level travel time spent in this place.
 C = Inter-level travel time spent in this place.
 D = Time resting spent in this place.
 E = Time spent auto-exploring this place.
 F = Levels seen in this place.
 G = Mean time per level.
                   A        B        C        D        E       F      G
               +--------+--------+--------+--------+--------+-----+--------+
         Total |   6912 |   6584 |    328 |    575 |   5018 |   6 | 1152.0 |
       Dungeon |   6912 |   6584 |    328 |    575 |   5018 |   6 | 1152.0 |
               +--------+--------+--------+--------+--------+-----+--------+

Top non-repeatable levels by time:
     D:5: 1874 daAuts
     D:2: 1299 daAuts
     D:3: 1103 daAuts
     D:1: 1102 daAuts
     D:6: 799 daAuts
     D:4: 733 daAuts
